[Event "January 2 Early 2024"]
[Site "https://www.chess.com"]
[Date "2024.01.02"]
[Round "7"]
[White "Gomez Falagan, Daniel"]
[Black "Baches Garcia, Guillermo"]
[Result "1-0"]
[Board "135"]
[TimeControl "180+1"]
[WhiteFideId "54509947"]
[BlackFideId "2209764"]
[WhiteElo "2364"]
[BlackElo "2516"]
[WhiteTeam "ESP"]
[BlackTeam "ESP"]
[WhiteClock "0:00:07"]
[BlackClock "0:00:00"]

1. Nf3 d5 2. b3 Nf6 3. Bb2 e6 4. c4 Be7 5. e3 O-O 6. Nc3 b6 7. cxd5 exd5 8. d4 Bb7 9. Be2 a6 10. O-O Bd6 11. Ne5 Nbd7 12. f4 c5 13. Bd3 Qe7 14. Ne2 Rfe8 15. Ng3 g6 16. Kh1 Kg7 17. Nxd7 Qxd7 18. dxc5 bxc5 19. f5 Be5 20. Bxe5 Rxe5 21. fxg6 hxg6 22. Qf3 Qe7 23. Rae1 Re8 24. h3 Rh8 25. Kh2 Rh4 26. Nf5+ gxf5 27. Qg3+ Ng4+ 28. Kg1 Kf8 29. hxg4 Rxg4 30. Qh3 Qe6 31. Qf3 Qg6 32. Bxf5 Rxf5 33. Qxf5 Rxg2+ 34. Kh1 Qxf5 35. Rxf5 d4 36. e4 d3 37. Kxg2 d2 38. Rd1 Bxe4+ 39. Kf2 Bxf5 40. Rxd2 Be6 41. Ke3 c4 42. b4 c3 43. Rc2 Bc4 44. a3 Bb3 45. Rxc3 Ba4 46. Rc5 Bb5 47. Kd4 Ke7 48. Ke5 f6+ 49. Kf5 Bd7+ 50. Kf4 Kd6 51. Ra5 Bb5 52. a4 Bd3 53. Ke3 Bc4 54. Kd4 Bf1 55. b5 axb5 56. axb5 Kc7 57. Kc5 Kb7 58. Ra3 Be2 59. Re3 Bg4 60. Re7+ Bd7 61. Rf7 Kc7 62. Rxf6 Kb7 63. Rf7 Kc8 64. b6 Be6 65. Re7 Bd7 66. Kd6 Kb7 67. Rxd7+ Kxb6 68. Rc7 Kb5 69. Rc8 Kb4 70. Kd5 Kb3 71. Kd4 Kb2 72. Kd3 Kb1 73. Kd2 Ka2 74. Rb8 Ka1 75. Kc3 1-0

[Event "January 2 Early 2024"]
[Site "https://www.chess.com"]
[Date "2024.01.02"]
[Round "7"]
[White "Lehtosaari, Mauri"]
[Black "knightmareprodigy"]
[Result "1-0"]
[Board "136"]
[TimeControl "180+1"]
[WhiteFideId "501999"]
[WhiteElo "2507"]
[BlackElo "2307"]
[WhiteTeam "FIN"]
[WhiteClock "0:00:11"]
[BlackClock "0:00:09"]

1. d4 d5 2. Nf3 Nf6 3. Bg5 c5 4. e3 Nc6 5. c3 Bf5 6. Nbd2 h6 7. Bxf6 gxf6 8. dxc5 e6 9. Nb3 Rc8 10. Nfd4 Bg6 11. Bb5 e5 12. Nxc6 bxc6 13. Bd3 f5 14. g4 e4 15. Be2 Qh4 16. Nd4 fxg4 17. Bxg4 Rc7 18. b4 Bg7 19. a4 f5 20. Be2 Qf6 21. Rg1 O-O 22. Kd2 Kh7 23. Qf1 f4 24. Qh3 f3 25. Ba6 Qe5 26. Rg3 Bf5 27. Qh5 Bc8 28. Qxe5 Bxe5 29. Bxc8 Bxg3 30. hxg3 Rcxc8 31. Rh1 Kg6 32. Rh4 Kg5 33. Ne6+ Kg6 34. Nxf8+ Rxf8 35. c4 dxc4 36. Rxe4 Rd8+ 37. Kc2 Rd3 38. Rxc4 Ra3 39. b5 Ra2+ 40. Kd3 Rxf2 41. bxc6 Ra2 42. c7 f2 43. Rf4 Rxa4 44. Rxf2 1-0

[Event "January 2 Early 2024"]
[Site "https://www.chess.com"]
[Date "2024.01.02"]
[Round "7"]
[White "Delgado Kuffo, Andres"]
[Black "Kabanov, Nikolai"]
[Result "1-0"]
[Board "137"]
[TimeControl "180+1"]
[WhiteFideId "3600475"]
[BlackFideId "4127820"]
[WhiteElo "2240"]
[BlackElo "2496"]
[WhiteTeam "ECU"]
[BlackTeam "RUS"]
[WhiteClock "0:00:54"]
[BlackClock "0:01:03"]

1. e4 c6 2. d4 d5 3. Nc3 dxe4 4. Nxe4 Nf6 5. Nxf6+ exf6 6. c3 Bd6 7. Bd3 Na6 8. Qc2 h5 9. Ne2 Nc7 10. Bf4 Nd5 11. Bxd6 Qxd6 12. O-O-O a5 13. Rhe1 Kf8 14. Ng3 g6 15. Bxg6 fxg6 16. Qxg6 Ne7 17. Qd3 h4 18. Ne4 Qf4+ 19. Re3 Bf5 20. g3 hxg3 21. fxg3 Qg4 22. Rf1 Nd5 23. Nxf6 Qg5 24. Nxd5 1-0

[Event "January 2 Early 2024"]
[Site "https://www.chess.com"]
[Date "2024.01.02"]
[Round "7"]
[White "Kamsky, Gata"]
[Black "Lima, Artur Tin Lun Dai"]
[Result "1-0"]
[Board "139"]
[TimeControl "180+1"]
[WhiteFideId "2000024"]
[BlackFideId "22773150"]
[WhiteElo "2947"]
[BlackElo "2353"]
[WhiteTeam "USA"]
[BlackTeam "BRA"]
[WhiteClock "0:00:40"]
[BlackClock "0:00:15"]

1. e4 e5 2. Nf3 Nc6 3. Bb5 a6 4. Ba4 Nf6 5. O-O d6 6. c3 Bd7 7. Re1 g6 8. d4 Bg7 9. d5 Ne7 10. Bxd7+ Nxd7 11. c4 O-O 12. Nc3 h6 13. Rb1 f5 14. b4 b6 15. Nd2 a5 16. a3 axb4 17. axb4 Bf6 18. Nb3 Kg7 19. c5 bxc5 20. bxc5 Nxc5 21. Nxc5 dxc5 22. Be3 Ra3 23. Nb5 Ra5 24. Bxc5 Qd7 25. Bxe7 Qxe7 26. d6 cxd6 27. Qxd6 Re8 28. Qb6 Ra4 29. Nc7 Rc8 30. Nd5 Qf7 31. Nxf6 fxe4 32. Nxe4 Rc2 33. Qe3 Raa2 34. h3 Rc4 35. Rbc1 Rd4 36. Rcd1 Raa4 37. Rxd4 Rxd4 38. Nd2 Qd5 39. Nf3 Rf4 40. Qxe5+ Qxe5 41. Nxe5 h5 42. g3 Ra4 43. h4 Ra2 44. Nf3 Ra7 45. Ng5 Rb7 46. Kg2 Rc7 47. Ne6+ 1-0

[Event "January 2 Early 2024"]
[Site "https://www.chess.com"]
[Date "2024.01.02"]
[Round "7"]
[White "Pavlidou, Ekaterini"]
[Black "Panchenko, Dmitry"]
[Result "0-1"]
[Board "140"]
[TimeControl "180+1"]
[WhiteFideId "4213262"]
[BlackFideId "4169158"]
[WhiteElo "2347"]
[BlackElo "2833"]
[WhiteTeam "GRE"]
[BlackTeam "RUS"]
[WhiteClock "0:01:07"]
[BlackClock "0:01:36"]

1. d4 d5 2. c4 c6 3. cxd5 cxd5 4. Bf4 Nf6 5. Nc3 Nc6 6. e3 a6 7. Bd3 Bg4 8. f3 Bd7 9. Rb1 e6 10. a3 Nh5 11. Nge2 Nxf4 12. exf4 Bd6 13. b4 Qf6 14. f5 O-O 15. b5 Ne7 16. bxa6 bxa6 17. fxe6 Bxe6 18. Rb6 Bxa3 19. Qb1 h6 20. O-O a5 21. Na2 Nf5 22. Nf4 Qxd4+ 23. Kh1 Qxf4 24. g3 Qd4 25. Rb3 Ne3 26. Re1 Bc5 27. Bh7+ Kh8 28. Rd3 Qf6 29. Qb5 Qxf3+ 0-1

[Event "January 2 Early 2024"]
[Site "https://www.chess.com"]
[Date "2024.01.02"]
[Round "7"]
[White "Bueno, Alfeu Junior Varela"]
[Black "RobertDowneyJr0111"]
[Result "1-0"]
[Board "141"]
[TimeControl "180+1"]
[WhiteFideId "2108879"]
[WhiteElo "2342"]
[BlackElo "2637"]
[WhiteTeam "BRA"]
[WhiteClock "0:00:24"]
[BlackClock "0:00:02"]

1. e4 c6 2. d4 d5 3. f3 dxe4 4. fxe4 e5 5. Nf3 exd4 6. Bc4 Be7 7. O-O Nf6 8. Ng5 O-O 9. Nxf7 Rxf7 10. Bxf7+ Kxf7 11. e5 Nd7 12. exf6 Nxf6 13. Nd2 Kg8 14. Nf3 c5 15. Bg5 b6 16. Qe2 h6 17. Bh4 Bb7 18. Qe6+ Kh7 19. Ne5 Bc8 20. Qf7 Ng8 21. Qg6+ Kh8 22. Nf7# 1-0

[Event "January 2 Early 2024"]
[Site "https://www.chess.com"]
[Date "2024.01.02"]
[Round "7"]
[White "Chitre Arush"]
[Black "Poddubnyi, Viktor"]
[Result "1-0"]
[Board "142"]
[TimeControl "180+1"]
[WhiteFideId "25959026"]
[BlackFideId "4141989"]
[WhiteElo "2583"]
[BlackElo "2327"]
[WhiteTeam "IND"]
[BlackTeam "RUS"]
[WhiteClock "0:01:33"]
[BlackClock "0:00:00"]

1. Nf3 g6 2. g3 Bg7 3. Bg2 Nf6 4. O-O O-O 5. d3 d6 6. Nbd2 c5 7. Re1 Nc6 8. c3 Rb8 9. e4 e5 10. Nc4 b5 11. Ne3 Be6 12. Ng5 h6 13. Nxe6 fxe6 14. Ng4 Nxg4 15. Qxg4 Qf6 16. f4 b4 17. Rf1 Rbe8 18. Bd2 h5 19. Qe2 Qe7 20. f5 exf5 21. exf5 e4 22. fxg6 Rxf1+ 23. Rxf1 Qe5 24. Bxe4 bxc3 25. bxc3 Ne7 26. Bf4 Qxc3 27. Qxh5 1-0

[Event "January 2 Early 2024"]
[Site "https://www.chess.com"]
[Date "2024.01.02"]
[Round "7"]
[White "Tuleyeva-Aketayeva, Dana"]
[Black "Smirnov, Mark"]
[Result "1/2-1/2"]
[Board "143"]
[TimeControl "180+1"]
[WhiteFideId "13701932"]
[BlackFideId "13764594"]
[WhiteElo "2326"]
[BlackElo "2539"]
[WhiteTeam "KAZ"]
[BlackTeam "KAZ"]
[WhiteClock "0:00:05"]
[BlackClock "0:00:05"]

1. d4 Nf6 2. Nf3 e6 3. g3 d5 4. Bg2 Be7 5. c4 O-O 6. Nc3 dxc4 7. Ne5 Nc6 8. Bxc6 bxc6 9. Nxc6 Qe8 10. Nxe7+ Qxe7 11. Qa4 e5 12. dxe5 Qxe5 13. Qxc4 Be6 14. Qf4 Qh5 15. O-O Rfe8 16. Qg5 Qh3 17. Qh4 Qf5 18. Qf4 Qc2 19. Qd2 Qf5 20. Qf4 Qh5 21. Qg5 Qh3 22. Qh4 Qxh4 23. gxh4 Nd5 24. f3 Nxc3 25. bxc3 Bc4 26. Re1 Bxe2 27. Kf2 Bc4 28. Rxe8+ Rxe8 29. Be3 a6 30. a3 Rb8 31. Rd1 h6 32. Rd4 Rb2+ 33. Kg3 Bf1 34. Rd2 Rb3 35. Kf2 Bb5 36. Rd8+ Kh7 37. Rc8 Rxc3 38. Bf4 c6 39. Rc7 Kg6 40. h5+ Kxh5 41. Rxf7 Kg6 42. Rxg7+ Kf6 43. Rh7 Rxa3 44. Rxh6+ Kf5 45. Kg3 Be2 46. Rh5+ Kg6 47. Rg5+ Kf6 48. Re5 Rxf3+ 49. Kg2 Rxf4 50. Rxe2 a5 51. Rc2 Ra4 52. Rxc6+ Kf5 53. Kf2 Ra3 54. Rd6 Ke5 55. Rd8 a4 56. Kg2 Ra2+ 57. Kg1 Ke4 58. h4 Ra3 59. h5 Rh3 60. Ra8 a3 61. h6 Kd4 62. h7 Rxh7 63. Rxa3 Rg7+ 64. Kf2 Rf7+ 65. Rf3 Ra7 66. Rf4+ Ke5 67. Rf3 Ke4 68. Re3+ Kf4 69. Rf3+ Ke4 70. Re3+ Kd4 71. Rf3 Ra2+ 72. Kg3 Ke4 73. Rf4+ Ke5 74. Rf3 Rb2 75. Re3+ Kf5 76. Rf3+ Kg5 77. Re3 Rb5 78. Rd3 Rf5 79. Rf3 Re5 80. Rb3 Kf5 81. Rf3+ Ke4 82. Rf4+ Kd5 83. Rg4 Re1 84. Rf4 Ke5 85. Rf2 Rg1+ 86. Kh2 Ra1 87. Kg2 Ke4 88. Kg3 Ke3 89. Rf3+ Ke4 90. Rf4+ Ke5 91. Rf3 Ra2 92. Rf2 Ra4 93. Kg2 Ra3 94. Re2+ Kf4 95. Rf2+ Kg4 96. Re2 Rg3+ 97. Kf1 Rf3+ 98. Rf2 Re3 99. Re2 Ra3 100. Ke1 Kf3 101. Rf2+ Kg3 102. Rd2 Kf3 103. Rf2+ Kg3 104. Rd2 Kf4 105. Ke2 Re3+ 106. Kf2 Rc3 107. Rd4+ Ke5 108. Ra4 Rc2+ 109. Ke3 Rc3+ 110. Kd2 Rc5 111. Ke3 Kd5 112. Kd3 Rb5 113. Rh4 1/2-1/2

[Event "January 2 Early 2024"]
[Site "https://www.chess.com"]
[Date "2024.01.02"]
[Round "7"]
[White "RaugintaBulba"]
[Black "Dahl, Trygve"]
[Result "1-0"]
[Board "144"]
[TimeControl "180+1"]
[BlackFideId "1513427"]
[WhiteElo "2538"]
[BlackElo "2327"]
[BlackTeam "NOR"]
[WhiteClock "0:02:15"]
[BlackClock "0:01:58"]

1. d4 Nf6 2. c4 e6 3. Nf3 Bb4+ 4. Bd2 Qe7 5. g3 Ne4 6. Bg2 Bxd2+ 7. Nfxd2 Nxd2 8. Qxd2 O-O 9. O-O d6 10. Nc3 c5 11. Rad1 Nc6 12. d5 Ne5 13. b3 Rd8 14. dxe6 Bxe6 15. Nb5 Rd7 16. f4 Nc6 17. f5 1-0

[Event "January 2 Early 2024"]
[Site "https://www.chess.com"]
[Date "2024.01.02"]
[Round "7"]
[White "Khamdamova, Afruza"]
[Black "Ankerst, Mihael"]
[Result "0-1"]
[Board "145"]
[TimeControl "180+1"]
[WhiteFideId "14210444"]
[BlackFideId "14602369"]
[WhiteElo "2535"]
[BlackElo "2320"]
[WhiteTeam "UZB"]
[BlackTeam "SLO"]
[WhiteClock "0:00:00"]
[BlackClock "0:00:18"]

1. e4 c5 2. Nf3 Qb6 3. c3 e6 4. d4 d5 5. Bd3 dxe4 6. Bxe4 Nf6 7. Bc2 Nc6 8. O-O Be7 9. Bg5 Qxb2 10. Nbd2 Qxc3 11. Bxf6 Bxf6 12. Ne4 Qa5 13. Nxf6+ gxf6 14. d5 Nb4 15. Bb3 O-O 16. Qd2 Qd8 17. d6 Kh8 18. a3 Nc6 19. Rad1 Bd7 20. Qc3 b6 21. Rfe1 Rg8 22. Re4 Rg6 23. Rh4 Qf8 24. Bc2 Rh6 25. Be4 Rd8 26. Rf4 Qg7 27. Nd2 Nd4 28. Qe3 Bb5 29. Nf3 Rxd6 30. Nxd4 f5 0-1

[Event "January 2 Early 2024"]
[Site "https://www.chess.com"]
[Date "2024.01.02"]
[Round "7"]
[White "Bold, Andre"]
[Black "Seder, Mohammed"]
[Result "1-0"]
[Board "146"]
[TimeControl "180+1"]
[WhiteFideId "16208471"]
[BlackFideId "11505567"]
[WhiteElo "2509"]
[BlackElo "2320"]
[WhiteTeam "GER"]
[BlackTeam "PLE"]
[WhiteClock "0:01:30"]
[BlackClock "0:00:00"]

1. d4 d5 2. Nf3 Nf6 3. c3 c5 4. e3 Nc6 5. dxc5 e5 6. b4 a6 7. Bb2 Bg4 8. Be2 Be7 9. h3 Bh5 10. Nbd2 O-O 11. O-O Qc7 12. a3 Rfd8 13. Re1 e4 14. Nd4 Bxe2 15. Qxe2 Ne5 16. c4 Nd3 17. Reb1 a5 18. cxd5 Rxd5 19. Bc3 b6 20. Nxe4 Nxe4 21. Qxd3 Nxc5 22. bxc5 bxc5 23. Qe4 Rad8 24. Nf3 Bd6 25. Kf1 Qc6 26. Qg4 f6 27. Qe6+ Kh8 28. Rd1 Qa6+ 29. Ke1 Rxd1+ 30. Rxd1 1-0

[Event "January 2 Early 2024"]
[Site "https://www.chess.com"]
[Date "2024.01.02"]
[Round "7"]
[White "Novikov, Evgenij"]
[Black "Lacasa Diaz, Josep Anton"]
[Result "1-0"]
[Board "147"]
[TimeControl "180+1"]
[WhiteFideId "4125380"]
[BlackFideId "2203375"]
[WhiteElo "2500"]
[BlackElo "2318"]
[WhiteTeam "RUS"]
[BlackTeam "ESP"]
[WhiteClock "0:00:04"]
[BlackClock "0:00:18"]

1. f3 d5 2. g3 e5 3. Nh3 Nc6 4. Nf2 Nf6 5. Bg2 a5 6. O-O Be6 7. d3 h6 8. Nd2 Bc5 9. Nb3 Bb6 10. a4 O-O 11. e3 Qd7 12. Qe2 Rfe8 13. Kh1 Rad8 14. Bd2 d4 15. e4 Bxb3 16. cxb3 Bc5 17. f4 Qd6 18. f5 Bb4 19. Bc1 Nd7 20. g4 Nc5 21. Qd1 f6 22. h4 Qe7 23. g5 hxg5 24. hxg5 fxg5 25. Ng4 Qf7 26. f6 Ne6 27. fxg7 Qh5+ 28. Kg1 Kxg7 29. Rf5 Rf8 30. Qf3 Nf4 31. Bxf4 exf4 32. Rc1 Rxf5 33. exf5 Re8 34. f6+ Kf8 35. Rf1 Bd2 36. Rf2 Be3 37. Nxe3 Qxf3 38. Bxf3 dxe3 39. Rh2 Nd4 40. Rh8+ Kf7 41. Bh5+ Kxf6 42. Rxe8 Nxb3 43. Bf3 b6 44. Kg2 Nd4 45. Rc8 Nf5 46. Rxc7 Nh4+ 47. Kf1 Nxf3 48. Rc6+ Kf5 49. Rxb6 Nd4 50. Ra6 f3 51. Rxa5+ Kf4 52. Ra8 e2+ 53. Kf2 Nc2 54. Rf8+ Kg4 55. Re8 e1=Q+ 56. Rxe1 Nxe1 57. Kxe1 Kg3 58. Kf1 Kf4 59. a5 Ke5 60. a6 Kd6 61. a7 Kc7 62. a8=Q g4 63. Qe4 1-0

[Event "January 2 Early 2024"]
[Site "https://www.chess.com"]
[Date "2024.01.02"]
[Round "7"]
[White "Adireddy Arjun"]
[Black "Larina, Maria"]
[Result "1-0"]
[Board "148"]
[TimeControl "180+1"]
[WhiteFideId "25647709"]
[BlackFideId "24113182"]
[WhiteElo "2498"]
[BlackElo "2316"]
[WhiteTeam "IND"]
[BlackTeam "FID"]
[WhiteClock "0:00:28"]
[BlackClock "0:00:20"]

1. e4 c6 2. d4 d5 3. e5 Bf5 4. g4 Be4 5. f3 Bg6 6. e6 Qd6 7. exf7+ Bxf7 8. f4 g5 9. fxg5 Nd7 10. Nf3 e5 11. dxe5 Nxe5 12. Qe2 O-O-O 13. Nxe5 Re8 14. Nxf7 Rxe2+ 15. Bxe2 Qb4+ 16. c3 Qe4 17. Rf1 Qc2 18. Nd2 Bg7 19. Nxh8 Bxh8 20. Rf8+ Kd7 21. Rxg8 Be5 22. Nf3 Bxc3+ 23. bxc3 Qxc3+ 24. Kf2 Qxa1 25. Bf4 d4 26. Ne5+ Ke6 27. Bc4+ Ke7 28. Rg7+ Kf8 29. Rxb7 Qc3 30. Nd7+ Ke8 31. Nf6+ Kf8 32. Rf7# 1-0

[Event "January 2 Early 2024"]
[Site "https://www.chess.com"]
[Date "2024.01.02"]
[Round "7"]
[White "Zampronha, Wladimir Camilo"]
[Black "Santos Flores, Alberto"]
[Result "0-1"]
[Board "149"]
[TimeControl "180+1"]
[WhiteFideId "2103087"]
[BlackFideId "3601234"]
[WhiteElo "2311"]
[BlackElo "2497"]
[WhiteTeam "BRA"]
[BlackTeam "ECU"]
[WhiteClock "0:00:00"]
[BlackClock "0:00:42"]

1. e4 e6 2. d4 d5 3. Nc3 Nf6 4. e5 Nfd7 5. f4 c5 6. Nf3 Nc6 7. Be3 Qb6 8. Na4 Qa5+ 9. c3 b6 10. a3 c4 11. b4 cxb3 12. Qxb3 Ba6 13. Bxa6 Qxa6 14. Kf2 Rc8 15. Rhb1 Na5 16. Qd1 Be7 17. Nd2 O-O 18. Qf1 Qxf1+ 19. Kxf1 Nc4 20. Ke2 Nxa3 21. Rb2 Nc4 22. Nxc4 Rxc4 23. Bd2 Rb8 24. Rba2 a5 25. Rb2 b5 26. Nc5 Nxc5 27. dxc5 a4 28. c6 a3 29. Rb3 Rxc6 30. Bc1 Ra6 31. Bxa3 Rba8 32. Bxe7 Rxa1 33. Rxb5 h6 34. Bb4 R1a2+ 35. Kf3 Rc2 36. Ba5 Rc8 37. h4 h5 38. g4 hxg4+ 39. Kxg4 R2xc3 40. Bxc3 Rxc3 41. Rb8+ Kh7 42. Rf8 Rc7 43. Kg5 Rd7 0-1

[Event "January 2 Early 2024"]
[Site "https://www.chess.com"]
[Date "2024.01.02"]
[Round "7"]
[White "Limontaite, Simona"]
[Black "Petre, Nad-Titus"]
[Result "0-1"]
[Board "150"]
[TimeControl "180+1"]
[WhiteFideId "12802506"]
[BlackFideId "1204165"]
[WhiteElo "2304"]
[BlackElo "2495"]
[WhiteTeam "LTU"]
[BlackTeam "ROU"]
[WhiteClock "0:00:00"]
[BlackClock "0:01:00"]

1. d4 Nf6 2. c4 b6 3. Nc3 Bb7 4. d5 e6 5. e4 exd5 6. exd5 Bd6 7. Bd3 O-O 8. Nge2 c6 9. O-O cxd5 10. cxd5 h6 11. Bf4 Bxf4 12. Nxf4 d6 13. Bc2 Re8 14. Qd3 Nbd7 15. b4 Ne5 16. Qd4 Rc8 17. Bb3 Qd7 18. Ba4 Qg4 19. Kh1 Rc4 20. h3 Qxf4 21. Qxf4 Rxf4 22. Bxe8 Nxe8 23. Nb5 a6 24. Nc3 Rxb4 25. Rab1 Rxb1 26. Rxb1 b5 27. a4 Nd3 28. axb5 axb5 29. Rxb5 Bc8 30. Rb8 Bd7 31. Rd8 Nc5 32. g4 Kf8 33. f4 Ke7 34. Ra8 Nd3 35. f5 Nf4 36. Kh2 Nf6 37. Ra5 g5 38. fxg6 fxg6 39. Kg3 g5 40. h4 Ng6 41. hxg5 hxg5 42. Kf3 Ne5+ 0-1

[Event "January 2 Early 2024"]
[Site "https://www.chess.com"]
[Date "2024.01.02"]
[Round "7"]
[White "Kornyukov, Alexey"]
[Black "Pourkashiyan, Atousa"]
[Result "1-0"]
[Board "151"]
[TimeControl "180+1"]
[WhiteFideId "4150457"]
[BlackFideId "12502014"]
[WhiteElo "2298"]
[BlackElo "2464"]
[WhiteTeam "RUS"]
[BlackTeam "USA"]
[WhiteClock "0:00:10"]
[BlackClock "0:00:15"]

1. e4 c5 2. c3 d5 3. exd5 Qxd5 4. Nf3 Nf6 5. d4 Nc6 6. Bd3 Bg4 7. Be2 e6 8. O-O cxd4 9. cxd4 Be7 10. Nc3 Qd8 11. Be3 O-O 12. h3 Bh5 13. Rc1 a6 14. a3 Qd6 15. Qd2 Rfd8 16. Rfd1 Nd5 17. Ne4 Qd7 18. Ng3 Bxf3 19. Bxf3 Nxe3 20. fxe3 Ne5 21. Qf2 Nxf3+ 22. Qxf3 Rac8 23. Ne4 Qd5 24. Nc3 Qb3 25. Qe2 Bxa3 26. bxa3 Rxc3 27. Rb1 Qxa3 28. Rxb7 Rxe3 29. Qh5 g6 30. Qh6 Rf8 31. Rf1 Rg3 32. Qf4 Qe3+ 33. Kh2 Qxf4 34. Rxf4 Rd3 35. Ra7 Ra3 36. g4 h6 37. h4 a5 38. g5 hxg5 39. hxg5 a4 40. Kg2 Ra2+ 41. Kf3 a3 42. Rh4 Ra1 43. Rh2 Rb8 44. Kf4 Rd8 45. Ke5 Re1+ 46. Kf6 Rf1+ 47. Ke5 Rf5+ 48. Ke4 Rxg5 49. Rxa3 Rg4+ 50. Ke5 Rgxd4 51. Rah3 R4d5+ 52. Kf6 Rf5+ 53. Ke7 Rd7+ 54. Kxd7 Kg7 55. Rh7+ Kf6 56. Kd6 Rd5+ 57. Kc6 Rd3 58. Rf2+ Ke5 59. Rhxf7 g5 60. Rg7 Rg3 61. Rg6 g4 62. Rff6 Rc3+ 63. Kd7 g3 64. Rxe6+ Kf5 65. Ref6+ Ke5 66. Rf1 Rd3+ 67. Ke7 Re3 68. Rg1 Kd4+ 69. Kf7 Ke4 70. R1xg3 Re2 71. R6g4+ 1-0

[Event "January 2 Early 2024"]
[Site "https://www.chess.com"]
[Date "2024.01.02"]
[Round "7"]
[White "Dyulgerov, Volen"]
[Black "Skaric, Djuro"]
[Result "0-1"]
[Board "152"]
[TimeControl "180+1"]
[WhiteFideId "2918978"]
[BlackFideId "934569"]
[WhiteElo "2449"]
[BlackElo "2296"]
[WhiteTeam "BUL"]
[BlackTeam "SRB"]
[WhiteClock "0:00:00"]
[BlackClock "0:00:52"]

1. e4 d6 2. d4 g6 3. h4 Nf6 4. Nc3 Bg7 5. Bc4 Nc6 6. h5 Nxh5 7. Rxh5 gxh5 8. Qxh5 e6 9. Bg5 Qd7 10. d5 exd5 11. Nxd5 Ne5 12. Bf6 O-O 13. Ne7+ Kh8 14. Qg5 Ng6 15. Qh6 Rg8 16. Nxg6+ fxg6 17. Bxg8 Kxg8 18. Bxg7 Qxg7 19. Qxg7+ Kxg7 20. Nf3 Be6 21. O-O-O h6 22. b3 Rf8 23. Rd2 g5 24. Nd4 Bd7 25. f3 Kf6 26. g4 Ke5 27. Ne2 Bc6 28. c4 Rh8 29. Ng3 Kf4 30. Nf5 Kxf3 31. Ne7 Kxg4 32. Rf2 Bxe4 33. Kd2 h5 34. Ke3 Bb1 35. b4 h4 0-1

[Event "January 2 Early 2024"]
[Site "https://www.chess.com"]
[Date "2024.01.02"]
[Round "7"]
[White "Blokhin, Sofia"]
[Black "Micic, Aleksa"]
[Result "0-1"]
[Board "153"]
[TimeControl "180+1"]
[WhiteFideId "4508190"]
[BlackFideId "989940"]
[WhiteElo "2295"]
[BlackElo "2426"]
[WhiteTeam "EST"]
[BlackTeam "SRB"]
[WhiteClock "0:00:04"]
[BlackClock "0:00:10"]

1. d4 Nf6 2. c4 c5 3. d5 b5 4. cxb5 a6 5. bxa6 g6 6. Nc3 Bg7 7. e4 O-O 8. Be2 Qa5 9. Bd2 Bxa6 10. Nf3 d6 11. O-O Qb4 12. Re1 Nbd7 13. Nb5 Qxe4 14. Nc7 Bb7 15. Ba6 Qf5 16. Nxa8 Bxa6 17. Nc7 Bb7 18. Rxe7 Nxd5 19. Nxd5 Bxd5 20. Nh4 Qf6 21. Rxd7 Qxh4 22. Rxd6 Qe4 23. Qf1 Be5 24. Rxd5 Qxd5 25. Bc3 Bxc3 26. bxc3 Rb8 27. Rd1 Qxa2 28. Qd3 Qb3 29. h3 Ra8 30. Qf3 Ra3 31. Rd8+ Kg7 32. Rd7 Qb1+ 33. Kh2 Qf5 34. Qxf5 gxf5 35. Rd3 c4 36. Re3 Kf6 37. Kg3 Ra2 38. Kf3 Rd2 39. g4 f4 40. Kxf4 Rxf2+ 41. Ke4 Kg5 42. Kd4 Rf4+ 43. Kd5 h5 44. Kd6 hxg4 45. hxg4 Kxg4 46. Kd5 f5 47. Ke5 Rf1 48. Kd5 f4 49. Re4 Rd1+ 50. Kxc4 Kf5 51. Re8 f3 52. Rf8+ Ke4 53. Kb3 Ke3 54. Kc2 Rd7 55. c4 Ke2 56. Re8+ Kf2 57. Rf8 Rg7 58. Kc3 Kg2 59. Kb4 f2 60. c5 Rg3 61. Kb5 Rf3 62. Rg8+ Kh3 63. Rh8+ Kg4 64. Rh1 f1=Q+ 65. Rxf1 Rxf1 66. Kb6 Rb1+ 67. Kc7 Kf5 68. c6 Ke6 69. Kc8 Kd6 70. c7 Rc1 71. Kb8 Rxc7 72. Ka8 Kc6 73. Kb8 Rh7 74. Ka8 Kb6 75. Kb8 Rh8# 0-1

[Event "January 2 Early 2024"]
[Site "https://www.chess.com"]
[Date "2024.01.02"]
[Round "7"]
[White "Eggleston, Thomas A"]
[Black "Valle Luis, Leo"]
[Result "0-1"]
[Board "154"]
[TimeControl "180+1"]
[WhiteFideId "412139"]
[BlackFideId "54577187"]
[WhiteElo "2294"]
[BlackElo "2424"]
[WhiteTeam "ENG"]
[BlackTeam "ESP"]
[WhiteClock "0:00:00"]
[BlackClock "0:00:05"]

1. e4 c6 2. d4 d5 3. e5 Bf5 4. Nd2 e6 5. Ngf3 c5 6. dxc5 Bxc5 7. Nb3 Bb6 8. Nfd4 Ne7 9. Nxf5 Nxf5 10. Bd3 Ne7 11. O-O Nd7 12. Re1 Ng6 13. Bxg6 hxg6 14. Be3 Rc8 15. h3 Rh5 16. Bd4 Bxd4 17. Qxd4 Qb6 18. c3 Rc4 19. Qxb6 axb6 20. Nd2 Rc8 21. Nf3 Nc5 22. Rad1 Ke7 23. Rd4 Rc6 24. Nd2 Nd7 25. f4 g5 26. f5 Rh6 27. Kh2 exf5 28. Rxd5 g4 29. Kg3 gxh3 30. gxh3 Rcg6+ 31. Kh2 Nc5 32. b4 Ne6 33. Rf1 Ng5 34. Rd3 Ne6 35. Nc4 f4 36. Nxb6 Ng5 37. Nd5+ Kf8 38. Nxf4 Ra6 39. e6 Rxa2+ 40. Kh1 Nxe6 41. Nxe6+ Rxe6 42. Rd7 Re7 43. Rxe7 Kxe7 44. Rc1 Re2 45. Kg1 Re3 46. Kg2 Rd3 47. h4 f6 48. Rc2 Kf7 49. c4 Rb3 50. b5 g5 51. hxg5 fxg5 52. Rc1 b6 53. Rc2 Ke6 0-1

[Event "January 2 Early 2024"]
[Site "https://www.chess.com"]
[Date "2024.01.02"]
[Round "7"]
[White "Jovic, Stanoje"]
[Black "Martin, Lewis"]
[Result "1-0"]
[Board "155"]
[TimeControl "180+1"]
[WhiteFideId "905020"]
[BlackFideId "410551"]
[WhiteElo "2420"]
[BlackElo "2293"]
[WhiteTeam "SRB"]
[BlackTeam "ENG"]
[WhiteClock "0:00:14"]
[BlackClock "0:00:09"]

1. c4 c6 2. e4 d5 3. exd5 cxd5 4. cxd5 Nf6 5. Qa4+ Nbd7 6. Bc4 a6 7. d3 Rb8 8. Bb3 b5 9. Qf4 Bb7 10. Nc3 b4 11. Ne4 Nxd5 12. Qg3 e6 13. Nf3 N7f6 14. O-O Rc8 15. Bd2 Nxe4 16. dxe4 Nf6 17. Rfd1 Nxe4 18. Qg4 h5 19. Qf4 Bd6 20. Ba4+ Kf8 21. Ne5 Bxe5 22. Bxb4+ Bd6 23. Bxd6+ Nxd6 24. Rxd6 Qf6 25. Qb4 Qe7 26. Rad1 Bd5 27. Bb3 Kg8 28. Bxd5 exd5 29. Qb6 Rh6 30. Rxh6 gxh6 31. Qxh6 Qe2 32. Qg5+ Kf8 33. Qxd5 Re8 34. h3 Re5 35. Qd8+ Kg7 36. Rd2 Qe1+ 37. Kh2 Rf5 38. Qd4+ Kg6 39. Qe3 Qb1 40. Qg3+ Rg5 41. Rd6+ f6 42. Qd3+ Qxd3 43. Rxd3 Rb5 44. b3 Ra5 45. a4 Re5 46. g3 Re2 47. Kg2 Rb2 48. Kf3 a5 49. Ke3 Kf5 50. Rd5+ Ke6 51. Rb5 h4 52. gxh4 Rb1 53. h5 Rh1 54. Rxa5 Rxh3+ 55. f3 Kf7 56. Rb5 Kg7 57. a5 Kh6 58. a6 Rh1 59. Rb6 Ra1 60. b4 Kxh5 61. b5 Kg5 62. Rb7 Kf5 63. a7 Ke5 64. b6 Ra3+ 65. Kf2 Kd5 66. Rb8 Kc6 67. a8=Q+ 1-0

[Event "January 2 Early 2024"]
[Site "https://www.chess.com"]
[Date "2024.01.02"]
[Round "7"]
[White "Nemec, Jachym"]
[Black "Onslow, Alfie"]
[Result "1-0"]
[Board "156"]
[TimeControl "180+1"]
[WhiteFideId "23716525"]
[BlackFideId "436976"]
[WhiteElo "2414"]
[BlackElo "2289"]
[WhiteTeam "CZE"]
[BlackTeam "ENG"]
[WhiteClock "0:01:32"]
[BlackClock "0:00:00"]

1. e4 c5 2. Nf3 Nc6 3. Bb5 Nf6 4. e5 Nd5 5. O-O g6 6. Re1 Bg7 7. Bxc6 bxc6 8. Nc3 O-O 9. Ne4 d6 10. h3 Bf5 11. d3 Rb8 12. c3 Qc7 13. Qc2 Nb6 14. Bf4 dxe5 15. Bh2 c4 16. dxc4 Nxc4 17. b3 Nd6 18. Nfd2 c5 19. Rad1 Qc6 20. g4 Bxe4 21. Nxe4 Nxe4 22. Qxe4 Qxe4 23. Rxe4 Rfd8 24. Rxd8+ Rxd8 25. Bxe5 e6 26. Bxg7 Kxg7 27. Rc4 Rd5 28. Ra4 Rd7 29. Ra5 Rc7 30. Kg2 Kf6 31. Kf3 Ke5 32. b4 Kd5 33. bxc5 Kc4 34. Ke4 Kxc3 35. Ke5 Kb4 36. Kd6 Rc8 37. Rxa7 Rxc5 38. Ra4+ Kxa4 39. Kxc5 1-0